 Dungeon Crawl Stone Soup version 0.23.2-1-ga50397a (webtiles) character file.

Game seed: 11946448694416870414

32321 dhn the Cleaver (level 13, -8/115 HPs)
             Began as a Minotaur Fighter on May 5, 2019.
             Mangled by a minotaur
             ... wielding a +2 great mace of protection
              (27 damage)
             ... in a Gauntlet.
             The game lasted 00:34:55 (20848 turns).

dhn the Cleaver (Minotaur Fighter)                 Turns: 20848, Time: 00:34:57

Health: -8/115     AC: 19    Str: 31    XL:     13   Next: 30%
Magic:  16/16      EV:  9    Int:  8    God:
Gold:   812        SH: 14    Dex: 12    Spells: 11/18 levels left

rFire    + + +     SeeInvis .   a - +0 war axe
rCold    . . .     Gourm    +   c - +0 shield
rNeg     . . .     Faith    .   x - +0 plate armour
rPois    .         Spirit   .   W - +0 hat of Baldness {rF+ MR- Str+6 Stlth+} (curse)
rElec    .         Reflect  .   (no cloak)
rCorr    .         Harm     .   (no gloves)
MR       .....     NoTele   +   E - +1 pair of boots
Stlth    ..........             l - amulet of the gourmand
HPRegen  0.29/turn              Q - ring of protection from fire
MPRegen  0.15/turn              p - ring of protection from fire

@: no status effects
A: retaliatory headbutt, horns 2, talons 1, icy blue scales 1, agile 1, strong 1
a: no special abilities


You were in a Gauntlet.
You were not hungry.

You visited 2 branches of the dungeon, and saw 17 of its levels.
You also visited: Gauntlet and Volcano.

You collected 994 gold pieces.
You spent 182 gold pieces at shops.

Inventory:

Hand Weapons
 a - a +0 war axe (weapon)
 R - a +2 demon trident of flaming
Armour
 b - +0 fire dragon scales
 c - a +0 shield (worn)
 x - a +0 plate armour (worn)
 E - a +1 pair of boots (worn)
 V - the +0 hat of Eternity {rElec MR+ Dex+4}
   (You found it in a Gauntlet)

   It affects your dexterity (+4).
   It insulates you from electricity.
   It affects your resistance to hostile enchantments.
 W - the cursed +0 hat of Baldness (worn) {rF+ MR- Str+6 Stlth+}
   (You found it in a Gauntlet)

   It affects your strength (+6).
   It protects you from fire.
   It affects your resistance to hostile enchantments.
   It makes you more stealthy.
   It has a curse placed upon it.
Jewellery
 l - an amulet of the gourmand (around neck)
 p - a ring of protection from fire (right hand)
 r - the ring "Laits" {Fire *Corrode rElec rN+ Int+4}
   (You took it off a crimson imp on level 4 of the Dungeon)

   [ring of fire]

   It enhances your fire magic.
   It affects your intelligence (+4).
   It protects you from fire.
   It makes you vulnerable to cold.
   It insulates you from electricity.
   It protects you from negative energy.
   It may corrode you when you take damage.
 w - a +2 ring of evasion
 y - a +6 ring of dexterity
 D - a +3 ring of strength
 I - an uncursed ring of stealth
 O - a +2 ring of evasion
 Q - a ring of protection from fire (left hand)
 S - the ring of Shadows {Umbra +Inv Stlth+}
   (You found it on level 11 of the Dungeon)

   [ring of stealth]

   It lets you turn invisible.
   It makes you more stealthy.
 Z - a +2 ring of protection {unknown}
Wands
 q - a wand of polymorph (3)
 z - a wand of random effects (37)
 J - a wand of iceblast (40)
 P - a wand of paralysis (12)
Scrolls
 g - 3 scrolls of immolation {unknown}
 h - 9 scrolls of identify
 i - 9 scrolls of remove curse
 n - a scroll of teleportation
 o - 4 scrolls of fear {unknown}
 v - 5 scrolls of enchant weapon {unknown}
 B - 2 scrolls of magic mapping
 G - a scroll of fog {unknown}
 M - 3 scrolls of enchant armour
 N - 2 scrolls of amnesia
 T - a scroll of torment {unknown}
 U - 3 scrolls of noise {unknown}
Potions
 d - 6 potions of might
 e - 4 potions of brilliance {unknown}
 j - 11 potions of curing
 m - 3 potions of lignification
 s - a potion of haste
 t - a potion of mutation
 C - a potion of agility
 F - 2 potions of berserk rage
 H - a potion of degeneration {unknown}
 K - a potion of heal wounds
 L - a potion of resistance {unknown}
Comestibles
 f - 24 rations


   Skills:
 + Level 10.9 Fighting
 + Level 14.5(14.9) Axes
   Level 5.5(11.1) Maces & Flails
 + Level 2.0(10.0) Polearms
 + Level 12.0 Armour
 + Level 2.4 Dodging
 + Level 1.7 Stealth
 + Level 12.7 Shields
 + Level 1.0 Unarmed Combat
 * Level 3.3 Spellcasting
 * Level 3.9 Translocations
 + Level 1.0 Evocations


You had 11 spell levels left.
You knew the following spells:

 Your Spells              Type           Power        Failure   Level  Hunger
a - Magic Dart            Conj           #...         95%         1    ##.....
b - Blink                 Tloc           N/A          58%         2    ###....
c - Force Lance           Conj/Tloc      #.......     100%        4    #####..

Your spell library contained the following spells:

 Spells                   Type           Power        Failure   Level  Hunger
 Call Imp                 Summ           #.......     98%         2    ###....
 Searing Ray              Conj           #.....       98%         2    ###....
 Slow                     Hex            #.......     98%         2    ###....
 Conjure Flame            Conj/Fire      #.......     100%        3    ####...
 Dazzling Spray           Conj/Hex       #.....       100%        3    ####...
 Mephitic Cloud           Conj/Pois/Air  #.......     100%        3    ####...
 Fulminant Prism          Conj/Hex       #.........   100%        4    #####..
 Iskenderun's Mystic Bla  Conj           #.......     100%        4    #####..
 Poison Arrow             Conj/Pois      #.........   100%        6    #######
 Chain Lightning          Conj/Air       #.........   100%        8    #######
 Lehudib's Crystal Spear  Conj/Erth      #.........   100%        8    #######
 Fire Storm               Conj/Fire      #.........   100%        9    #######
 Glaciate                 Conj/Ice       #.........   100%        9    #######


Dungeon Overview and Level Annotations

Branches:
Dungeon (11/15)            Temple (0/1) D:6            Lair (6/6) D:10
 Shoals (0/4) Lair:3       Spider (0/4) Lair:2        Slime (0/5) Lair:5
    Orc (0/2) D:9

Altars:
Cheibriados
Fedhas
Gozag
Kikubaaqudgha
Makhleb
Nemelex Xobeh
Okawaru
Qazlal
Ru
Uskayaw
Vehumet
Wu Jian
Zin
The Shining One
Beogh
Jiyva

Shops:
D:7 *

Annotations:
D:4 3 runed translucent doors, GuyDeFluk's ghost, novice HOFi
D:10 3 runed translucent doors
D:11 Gastronok Gauntlet 6 transporters, exclusion: 2 lightning spires


Innate Abilities, Weirdness & Mutations

You reflexively headbutt those who attack you in melee.
You have a pair of horns on your head.
You have sharp toenails.
You are partially covered in icy blue scales. (AC +2)
You are agile. (Dex +2)
Your muscles are strong. (Str +2)


Message History

You feel much better.
The minotaur throws a silver javelin.
The silver javelin hits you!
* * * LOW HITPOINT WARNING * * *
The silver sears you!
* * * LOW HITPOINT WARNING * * *
You block the minotaur's attack. x2
You slash the minotaur! You headbutt the minotaur.
The minotaur is moderately wounded.
You block the minotaur's attack.
The minotaur gores you but does no damage.
You hit the minotaur but do no damage.
You headbutt the minotaur, but do no damage.
The minotaur is moderately wounded.
You barely miss the minotaur.
The minotaur furiously retaliates!
The minotaur headbutts you.
* * * LOW HITPOINT WARNING * * *
Your headbutt misses the minotaur.
The minotaur is moderately wounded.
The minotaur hits you with a +2 great mace of protection!!
You die...

#≈8≈#..#
########...#..#
#........8.#..#
##.##.###...#..#
#8........8.#..#
#.....#.#...#..#
#########.#.#...#..#
#8:8/8.8#...#.©.#≈..
#∩H@((((((###...#∩..
#8[8[8.8#...#.©.#≈..
#########.#.#...#..#
..#.#...#..#
......8.#..#
##.###...#..#
......8.#..#
#####§..#..#
#≈8≈#..#


You could see a minotaur.

Vanquished Creatures
  A great orb of eyes (Gauntlet)
  Harold (D:8)
  3 hydras
  A hell hog (Volcano)
  4 two-headed ogres
  Nergalle (Lair:1)
  2 ugly things (Gauntlet)
  A salamander (Volcano)
  A manticore (Lair:3)
  3 black mambas
  A torpor snail (Lair:3)
  8 spiny frogs
  A rime drake (Lair:1)
  4 komodo dragons
  Grinder (D:6)
  2 trolls
  2 polar bears
  Prince Ribbit (Lair:1)
  8 hippogriffs
  2 dream sheep (Lair:2)
  6 blink frogs
  7 spriggans (Lair:1)
  A wraith (D:11)
  3 wyverns
  2 fire bats (Volcano)
  18 yaks
  3 basilisks
  A fire elemental (Volcano)
  A steam dragon (D:8)
  2 chaos spawn (Gauntlet)
  A hungry ghost (D:10)
  Edmund (D:4)
  10 water moccasins
  Duvessa (D:6)
  8 porcupines
  An ice beast (D:9)
  A sky beast (D:7)
  2 orc warriors
  2 black bears
  4 phantoms
  A necrophage (D:9)
  5 ogres
  6 centaurs
  8 wolves
  10 crocodiles
  Blork the orc (D:4)
  A big kobold (D:9)
  A gnoll sergeant (D:6)
  14 bullfrogs
  3 scorpions
  Dowan (D:6)
  9 killer bees
  8 wights (D:6)
  A jelly (D:9)
  A howler monkey (D:4)
  2 bullfrog zombies (D:5)
  8 crimson imps
  2 bullfrog skeletons (D:9)
  7 orc priests
  3 hounds
  14 orc wizards
  2 centaur skeletons
  Terence (D:2)
  An iguana (D:5)
  10 worker ants
  2 hound zombies (D:10)
  5 hound skeletons
  13 adders
  11 gnolls
  3 shadow imps
  2 white imps (Gauntlet)
  An ooze (D:5)
  An adder skeleton (D:7)
  2 worms
  2 dart slugs (D:1)
  5 leopard geckos
  45 orcs
  3 ball pythons
  4 bats (D:1)
  5 giant cockroaches
  15 goblins
  5 hobgoblins
  7 jackals
  4 quokkas
  4 frilled lizards
  23 kobolds
  6 rats
  A butterfly (Lair:3)
  2 fungi
  A plant (Lair:1)
415 creatures vanquished.

Vanquished Creatures (others)
  2 centaurs (Volcano)
  2 fungi (Lair:2)
  4 plants
8 creatures vanquished.

Grand Total: 423 creatures vanquished

Notes
Turn   | Place    | Note
-------+----------+-------------------------------------------
     0 | D:1      | dhn the Minotaur Fighter began the quest for the Orb.
     0 | D:1      | Reached XP level 1. HP: 19/19 MP: 0/0
   224 | D:1      | Reached XP level 2. HP: 27/27 MP: 1/1
   442 | D:1      | Reached XP level 3. HP: 22/33 MP: 2/2
   614 | D:2      | Reached skill level 3 in Axes
   675 | D:2      | Found an ornate altar of the Wu Jian Council.
   677 | D:2      | Found a sparkling altar of Nemelex Xobeh.
   799 | D:2      | Found a burning altar of Makhleb.
   799 | D:2      | Noticed a cacodemon
   805 | D:2      | Found a glowing silver altar of Zin.
   805 | D:2      | Noticed an angel
   814 | D:2      | Noticed Terence
   823 | D:2      | Killed Terence
   823 | D:2      | Reached XP level 4. HP: 25/40 MP: 3/3
  1194 | D:2      | Found a blossoming altar of Fedhas.
  1711 | D:3      | Reached skill level 4 in Axes
  1711 | D:3      | Reached skill level 1 in Dodging
  1718 | D:3      | Reached XP level 5. HP: 9/46 MP: 4/4
  1740 | D:3      | HP: 2/46 [poisoned by an orc wizard]
  2153 | D:3      | Found a snail-covered altar of Cheibriados.
  2154 | D:3      | Found an ancient bone altar of Kikubaaqudgha.
  2155 | D:3      | Found a hide-covered altar of Uskayaw.
  2155 | D:3      | Found an iron altar of Okawaru.
  2155 | D:3      | Found a glowing golden altar of the Shining One.
  2155 | D:3      | Found a stormy altar of Qazlal.
  2156 | D:3      | Found a sacrificial altar of Ru.
  2234 | D:3      | Found a radiant altar of Vehumet.
  2584 | D:3      | Reached skill level 5 in Shields
  3234 | D:4      | Reached skill level 5 in Axes
  3234 | D:4      | Reached XP level 6. HP: 51/53 MP: 5/5
  3236 | D:4      | Noticed Blork the orc
  3245 | D:4      | Killed Blork the orc
  3264 | D:4      | Identified the ring "Laits" {Fire *Corrode rElec rN+ Int+4}
  3270 | D:4      | Noticed Edmund
  3310 | D:4      | Killed Edmund
  3310 | D:4      | Reached skill level 6 in Axes
  3310 | D:4      | Reached skill level 5 in Armour
  3341 | D:4      | Reached XP level 7. HP: 17/60 MP: 6/6
  3730 | D:4      | Found a runed translucent gate.
  3736 | D:4      | Found a runed translucent gate.
  3737 | D:4      | Found a runed translucent gate.
  3738 | D:4      | Noticed GuyDeFluk's ghost (novice HOFi)
  4065 | D:4      | Found an opulent altar of Gozag.
  4300 | D:5      | Entered Level 5 of the Dungeon
  4354 | D:5      | Reached skill level 7 in Axes
  4387 | D:5      | Reached skill level 1 in Unarmed Combat
  4823 | D:6      | Found a staircase to the Ecumenical Temple.
  4867 | D:6      | Reached skill level 5 in Fighting
  4867 | D:6      | Reached XP level 8. HP: 68/68 MP: 7/7
  4878 | D:6      | Noticed Grinder
  4887 | D:6      | Killed Grinder
  4887 | D:6      | Reached skill level 8 in Axes
  5125 | D:6      | Found the +6 shillelagh "Devastator" {shatter}
  5397 | D:6      | Noticed Dowan
  5397 | D:6      | Noticed Duvessa
  5410 | D:6      | Killed Dowan
  5421 | D:6      | Killed Duvessa
  5421 | D:6      | Reached skill level 9 in Axes
  6001 | D:6      | Reached XP level 9. HP: 68/75 MP: 8/8
  6663 | D:7      | Reached skill level 1 in Maces & Flails
  6664 | D:7      | Reached skill level 10 in Axes
  6973 | D:8      | Noticed a troll
  6981 | D:8      | Killed a troll
  7657 | D:8      | Noticed Harold
  7671 | D:8      | Killed Harold
  7671 | D:8      | Reached skill level 5 in Maces & Flails
  7671 | D:8      | Reached XP level 10. HP: 50/86 MP: 9/9
  7971 | D:8      | Learned a level 1 spell: Magic Dart
  7974 | D:8      | Learned a level 2 spell: Blink
  8217 | D:7      | Found Hufism's Assorted Antiques.
  8228 | D:7      | Bought 2 scrolls labeled QURUJE XAZAL for 52 gold pieces
  8228 | D:7      | Bought a scroll of identify for 52 gold pieces
  8228 | D:7      | Bought a scroll of identify for 52 gold pieces
  8228 | D:7      | Bought a scroll labeled QYSSASSESS for 26 gold pieces
  8602 | D:9      | Noticed a two-headed ogre
  8608 | D:9      | Killed a two-headed ogre
  8608 | D:9      | Reached skill level 11 in Axes
  8608 | D:9      | Reached skill level 10 in Shields
  9207 | D:9      | Found a staircase to the Orcish Mines.
  9406 | D:9      | Found a roughly hewn altar of Beogh.
  9727 | D:10     | Entered Level 10 of the Dungeon
  9849 | D:10     | Reached XP level 11. HP: 94/94 MP: 10/10
  9901 | D:10     | Noticed a two-headed ogre
  9913 | D:10     | Killed a two-headed ogre
  9949 | D:10     | Found a staircase to the Lair.
  9965 | D:10     | Reached skill level 12 in Axes
 10344 | D:10     | Found a runed translucent gate.
 10344 | D:10     | Found a runed translucent gate.
 10344 | D:10     | Found a runed translucent gate.
 10345 | D:10     | Noticed a glowing orange brain
 10346 | D:10     | Noticed a brown very ugly thing
 10346 | D:10     | Noticed a white ugly thing
 10346 | D:10     | Noticed a red ugly thing
 10346 | D:10     | Noticed a red ugly thing
 10348 | D:10     | Noticed a red ugly thing
 10348 | D:10     | Noticed a purple ugly thing
 10610 | D:11     | Found the ring of Shadows {Umbra +Inv Stlth+}
 10632 | D:11     | Noticed a death knight
 10633 | D:11     | Noticed Gastronok
 10633 | D:11     | Noticed a skeletal warrior
 10987 | Lair:1   | Entered Level 1 of the Lair of Beasts
 11006 | Lair:1   | Reached skill level 10 in Armour
 11739 | Lair:1   | Noticed a seven-headed hydra
 11745 | Lair:1   | Killed a seven-headed hydra
 12020 | Lair:1   | Noticed Prince Ribbit
 12021 | Lair:1   | Noticed Nergalle
 12082 | Lair:2   | Reached skill level 13 in Axes
 12410 | Lair:2   | Found a hole to the Spider Nest.
 12992 | Lair:2   | Reached XP level 12. HP: 92/106 MP: 11/11
 12997 | Lair:2   | Reached skill level 10 in Fighting
 13223 | Lair:2   | Learned a level 4 spell: Force Lance
 13845 | Lair:3   | Reached skill level 1 in Translocations
 14402 | Lair:3   | Found a staircase to the Shoals.
 14471 | Lair:3   | Noticed a six-headed hydra
 14483 | Lair:3   | Killed a six-headed hydra
 14483 | Lair:3   | Reached skill level 1 in Spellcasting
 14848 | Lair:3   | Found an iron altar of Okawaru.
 15102 | Lair:3   | Reached skill level 1 in Polearms
 15391 | Lair:4   | Reached skill level 1 in Stealth
 15450 | Lair:4   | Found a dark tunnel.
 15598 | Volcano  | Entered a volcano
 15625 | Volcano  | Noticed a two-headed ogre
 15627 | Volcano  | Noticed a hell hog
 15630 | Volcano  | Killed a two-headed ogre
 15630 | Volcano  | Reached skill level 14 in Axes
 15640 | Volcano  | Killed a hell hog
 15640 | Volcano  | Reached skill level 1 in Evocations
 15642 | Volcano  | Noticed a two-headed ogre
 15660 | Volcano  | Killed a two-headed ogre
 17960 | Lair:5   | Found a viscous altar of Jiyva.
 17960 | Lair:5   | Found a staircase to the Slime Pits.
 18031 | Lair:5   | Noticed a five-headed hydra
 18057 | Lair:5   | Killed a five-headed hydra
 18057 | Lair:5   | Reached XP level 13. HP: 59/114 MP: 16/16
 18979 | Lair:1   | Killed Prince Ribbit
 19208 | Lair:1   | Killed Nergalle
 19745 | Lair:6   | Entered Level 6 of the Lair of Beasts
 19810 | Lair:6   | Found a gate leading to a gauntlet.
 19819 | Gauntlet | Entered a Gauntlet
 19819 | Gauntlet | Found a transporter.
 19819 | Gauntlet | Found a transporter.
 19819 | Gauntlet | Found a transporter.
 19820 | Gauntlet | Found a transporter.
 20082 | Gauntlet | Found a transporter.
 20132 | Gauntlet | Found a transporter.
 20142 | Gauntlet | Found a transporter.
 20143 | Gauntlet | Found a transporter.
 20146 | Gauntlet | Found a transporter.
 20146 | Gauntlet | Found a transporter.
 20158 | Gauntlet | Found a transporter.
 20219 | Gauntlet | Found a transporter.
 20338 | Gauntlet | Gained mutation: You are partially covered in icy blue
                  | scales. (AC +2) [a neqoxec]
 20339 | Gauntlet | Got an ichor-stained hat
 20551 | Gauntlet | Got a warped hat
 20572 | Gauntlet | Identified the +0 hat of Eternity {rElec MR+ Dex+4} (You
                  | found it in a Gauntlet)
 20582 | Gauntlet | Identified the cursed +0 hat of Baldness {rF+ MR- Str+6
                  | Stlth+} (You found it in a Gauntlet)
 20589 | Gauntlet | Gained mutation: You have sharp toenails. [potion of
                  | mutation]
 20589 | Gauntlet | Gained mutation: You are agile. (Dex +2) [potion of
                  | mutation]
 20589 | Gauntlet | Gained mutation: Your muscles are strong. (Str +2) [potion
                  | of mutation]
 20838 | Gauntlet | Identified the cursed +3 shortbow of Frustration {velocity,
                  | rElec Int+2 Dex-2}
 20838 | Gauntlet | Identified the ring "Xomia" {rC+ MR+ Dex+7 Stlth-}
 20838 | Gauntlet | Noticed a minotaur
 20843 | Gauntlet | HP: 5/115 [minotaur/silver javelin (2)]
 20848 | Gauntlet | Mangled by a minotaur

Skill      XL: |  1  2  3  4  5  6  7  8  9 10 11 12 13 |
---------------+----------------------------------------+-----
Shields        | 4 5 7 9 10 11 12 | 12.7
Fighting       | 4 5 6 7 8 9 10 | 10.9
Armour         | 4 5 6 7 8 9 10 11 12 | 12.0
Axes           | 3 4 5 6 7 9 10 11 13 14 | 14.5
Dodging        | 1 2 |  2.4
Unarmed Combat | 1 |  1.0
Maces & Flails | 5 |  5.5
Translocations | 3 |  3.9
Spellcasting   | 2 3 |  3.3
Polearms       | 1 2 |  2.0
Stealth        | 1 |  1.7
Evocations     | 1 |  1.0

Action                   |  1- 3 |  4- 6 |  7- 9 | 10-12 | 13-15 || total
-------------------------+-------+-------+-------+-------+-------++-------
Melee: War axe           |    77 |   107 |   254 |   776 |   163 ||  1377
       Headbutt          |     9 |    12 |    81 |   190 |    34 ||   326
       Unarmed           |       |     9 |       |       |       ||     9
       Shillelagh        |       |       |    80 |       |       ||    80
       Demon trident     |       |       |       |     7 |     6 ||    13
       Trident           |       |       |       |     7 |       ||     7
Evoke: Wand              |       |       |       |    15 |       ||    15
  Use: Potion            |       |     1 |       |     5 |     7 ||    13
       Scroll            |       |       |     3 |    10 |     2 ||    15
 Stab: Confused          |       |     2 |       |       |       ||     2
       Paralysed         |       |       |       |     6 |       ||     6
  Eat: Chunk             |       |     7 |    16 |    24 |       ||    47
       Ration            |       |       |       |     3 |     3 ||     6
Armor: Scale mail        |    46 |    40 |    11 |       |       ||    97
       Skin              |       |     4 |       |       |       ||     4
       Plate armour      |       |       |   128 |   284 |    57 ||   469
Dodge: Dodged            |    18 |    43 |    84 |   211 |    31 ||   387
Block: Shield            |    36 |    64 |   209 |   508 |    88 ||   905
